% Time on Ice - PHOENIX MUSTANGS
Lines # - Real PCT - Wanted PCT - Time Play
Normal Forward
1 - 33% - 36% - 14:26
2 - 31% - 31% - 13:32
3 - 25% - 23% - 11:06
4 - 11% - 10% - 5:04
Normal Defense
1 - 36% - 36% - 15:53
2 - 32% - 31% - 14:00
3 - 29% - 23% - 12:43
4 - 3% - 10% - 1:32
PP Forward
1 - 56% - 55% - 7:47
2 - 44% - 45% - 6:06
PP Defense
1 - 52% - 55% - 7:11
2 - 48% - 45% - 6:42
PK Forward
1 - 0% - 55%
2 - 0% - 45%
PK Defense
1 - 0% - 55%
2 - 0% - 45%
PK3 Forward
1 - 0% - 55%
2 - 0% - 45%
PK3 Defense
1 - 0% - 55%
2 - 0% - 45%
44 Forward
1 - 69% - 55% - 1:22
2 - 31% - 45% - 0:37
44 Defense
1 - 63% - 55% - 1:15
2 - 37% - 45% - 0:44
Last Minute Offensive  - 0:00
Last Minute Defensive  - 0:00
Total
Forward - 60:00
Defense - 60:00
% Time on Ice - KANSAS CITY KILLERBEES
Lines # - Real PCT - Wanted PCT - Time Play
Normal Forward
1 - 37% - 36% - 16:21
2 - 33% - 34% - 14:28
3 - 22% - 23% - 9:42
4 - 8% - 7% - 3:37
Normal Defense
1 - 38% - 36% - 16:41
2 - 31% - 35% - 13:47
3 - 29% - 28% - 12:45
4 - 2% - 1% - 0:55
PP Forward
1 - 0% - 55%
2 - 0% - 45%
PP Defense
1 - 0% - 50%
2 - 0% - 50%
PK Forward
1 - 57% - 55% - 7:54
2 - 43% - 45% - 5:59
PK Defense
1 - 52% - 50% - 7:14
2 - 48% - 50% - 6:39
PK3 Forward
1 - 0% - 55%
2 - 0% - 45%
PK3 Defense
1 - 0% - 50%
2 - 0% - 50%
44 Forward
1 - 70% - 55% - 1:23
2 - 30% - 45% - 0:36
44 Defense
1 - 56% - 50% - 1:07
2 - 44% - 50% - 0:52
Last Minute Offensive  - 0:00
Last Minute Defensive  - 0:00
Total
Forward - 60:00
Defense - 60:00
Play-by-Play 1st period 0:01 of 1st period - Andrew Copp wins face-off versus Sean Couturier in neutral zone. 0:28 of 1st period - Sean Couturier is hit by T.J. Oshie and loses puck. 0:43 of 1st period - Shot by Clayton Keller. 0:43 of 1st period - Stopped by John Gibson with a rebound. 1:29 of 1st period - Shot by Zach Parise. 1:29 of 1st period - Deflect By Nick Schmaltz. 1:29 of 1st period - Shot Misses the Net. 1:31 of 1st period - Shot by Nicholas Ritchie. 1:31 of 1st period - Deflect By Nick Schmaltz. 1:31 of 1st period - Stopped by Corey Crawford without a rebound. 1:32 of 1st period - Christian Dvorak wins face-off versus Josh Archibald in PHOENIX MUSTANGS zone. 1:34 of 1st period - Icing by Jordan Greenway. 1:35 of 1st period - Christian Dvorak wins face-off versus Paul Stastny in PHOENIX MUSTANGS zone. 1:35 of 1st period - Christian Dvorak is hit by Josh Archibald. 1:51 of 1st period - Shot by Jordan Greenway. 1:51 of 1st period - Stopped by John Gibson without a rebound. 1:52 of 1st period - Nicholas Shore wins face-off versus Nick Schmaltz in KANSAS CITY KILLERBEES zone. 2:00 of 1st period - Minor Penalty to Adam Larsson for Roughing. 2:01 of 1st period - Andrew Copp wins face-off versus Riley Sheahan in KANSAS CITY KILLERBEES zone. 3:27 of 1st period - Icing by Jonas Brodin. 3:28 of 1st period - Paul Stastny wins face-off versus Kevin Hayes in PHOENIX MUSTANGS zone. 4:22 of 1st period - Shot by Jordan Greenway. 4:22 of 1st period - Shot Misses the Net. 5:14 of 1st period - Shot by Andrew Copp. 5:14 of 1st period - Shot Misses the Net. 5:48 of 1st period - Shot by T.J. Oshie. 5:48 of 1st period - Shot Misses the Net. 5:50 of 1st period - Shot by T.J. Oshie. 5:50 of 1st period - Goal by T.J. Oshie - PHOENIX MUSTANGS : 1 - KANSAS CITY KILLERBEES : 0. 5:51 of 1st period - Paul Stastny wins face-off versus Kevin Hayes in neutral zone. 6:00 of 1st period - Shot by Paul Stastny. 6:00 of 1st period - Shot Misses the Net. 6:02 of 1st period - Shot by Adam Larsson. 6:02 of 1st period - Stopped by Corey Crawford without a rebound. 6:03 of 1st period - Nicholas Shore wins face-off versus Ryan Dzingel in PHOENIX MUSTANGS zone. 6:28 of 1st period - Shot by Nicholas Shore. 6:28 of 1st period - Shot Misses the Net. 6:46 of 1st period - Oskar Sundqvist is hit by Nicholas Shore and loses puck. 6:58 of 1st period - Icing by Haydn Fleury. 6:59 of 1st period - Kevin Hayes wins face-off versus Oskar Sundqvist in KANSAS CITY KILLERBEES zone. 7:32 of 1st period - Icing by Drew Doughty. 7:33 of 1st period - Kevin Hayes wins face-off versus Nick Schmaltz in PHOENIX MUSTANGS zone. 7:33 of 1st period - Kevin Hayes is hit by Nicholas Ritchie. 7:34 of 1st period - Minor Penalty to Nicholas Ritchie for Cross-checking. 7:35 of 1st period - Riley Sheahan wins face-off versus Andrew Copp in KANSAS CITY KILLERBEES zone. 7:45 of 1st period - Shot by Clayton Keller. 7:45 of 1st period - Deflect By T.J. Oshie. 7:45 of 1st period - Shot Misses the Net. 7:47 of 1st period - Shot by Jonas Brodin. 7:47 of 1st period - Stopped by John Gibson without a rebound. 7:48 of 1st period - Paul Stastny wins face-off versus Kevin Hayes in KANSAS CITY KILLERBEES zone. 7:48 of 1st period - Paul Stastny is hit by Jesper Fast. 8:12 of 1st period - Shot by Jesper Fast. 8:12 of 1st period - Stopped by John Gibson without a rebound. 8:13 of 1st period - Paul Stastny wins face-off versus T.J. Oshie in KANSAS CITY KILLERBEES zone. 8:45 of 1st period - Shot by Clayton Keller. 8:45 of 1st period - Shot Blocked by Oscar Fantenberg. 8:47 of 1st period - Shot by T.J. Oshie. 8:47 of 1st period - Shot Misses the Net. 8:49 of 1st period - Shot by Jay Bouwmeester. 8:49 of 1st period - Shot Blocked by Oscar Fantenberg. 8:59 of 1st period - Shot by T.J. Oshie. 8:59 of 1st period - Stopped by John Gibson with a rebound. 10:11 of 1st period - Jacob Muzzin is hit by Dennis Cholowski and loses puck. 10:45 of 1st period - Off-side. 10:46 of 1st period - Nick Schmaltz wins face-off versus Andrew Copp in neutral zone. 10:57 of 1st period - Shot by Zach Parise. 10:57 of 1st period - Shot Blocked by Jay Bouwmeester. 10:59 of 1st period - Shot by Nick Schmaltz. 10:59 of 1st period - Stopped by Corey Crawford without a rebound. 11:00 of 1st period - Kevin Hayes wins face-off versus Oskar Sundqvist in PHOENIX MUSTANGS zone. 11:00 of 1st period - Kevin Hayes is hit by Oskar Sundqvist. 11:13 of 1st period - Alexander Steen is hit by Adam Larsson and loses puck. 11:38 of 1st period - Shot by Kevin Hayes. 11:38 of 1st period - Shot Misses the Net. 12:01 of 1st period - T.J. Oshie is hit by Adam Larsson and loses puck. 12:16 of 1st period - Adam Larsson is hit by Clayton Keller and loses puck. 13:16 of 1st period - Shot by Nick Schmaltz. 13:16 of 1st period - Stopped by Corey Crawford without a rebound. 13:17 of 1st period - Kevin Hayes wins face-off versus Paul Stastny in PHOENIX MUSTANGS zone. 13:56 of 1st period - Off-side. 13:57 of 1st period - T.J. Oshie wins face-off versus Nick Schmaltz in neutral zone. 14:08 of 1st period - Icing by Andrew Copp. 14:09 of 1st period - Sean Couturier wins face-off versus T.J. Oshie in PHOENIX MUSTANGS zone. 14:40 of 1st period - Sean Couturier is hit by Andrew Copp. 15:04 of 1st period - Erik Karlsson is hit by Zach Hyman and loses puck. 15:13 of 1st period - Shot by Kevin Hayes. 15:13 of 1st period - Goal by Kevin Hayes - PHOENIX MUSTANGS : 2 - KANSAS CITY KILLERBEES : 0. 15:14 of 1st period - Nick Schmaltz wins face-off versus Christian Dvorak in neutral zone. 15:45 of 1st period - Shot by Zach Parise. 15:45 of 1st period - Stopped by Corey Crawford without a rebound. 15:46 of 1st period - Paul Stastny wins face-off versus Kevin Hayes in PHOENIX MUSTANGS zone. 16:03 of 1st period - Shot by Alexander Steen. 16:03 of 1st period - Stopped by John Gibson with a rebound. 16:05 of 1st period - Shot by Drew Doughty. 16:05 of 1st period - Deflect By Kevin Hayes. 16:05 of 1st period - Shot Misses the Net. 16:23 of 1st period - Shot by Paul Stastny. 16:23 of 1st period - Shot Misses the Net. 16:25 of 1st period - Shot by Jacob Muzzin. 16:25 of 1st period - Stopped by Corey Crawford with a rebound. 16:57 of 1st period - Shot by Zach Parise. 16:57 of 1st period - Stopped by Corey Crawford without a rebound. 16:58 of 1st period - Christian Dvorak wins face-off versus Sean Couturier in PHOENIX MUSTANGS zone. 17:00 of 1st period - Minor Penalty to Mark Stone for Roughing. 17:01 of 1st period - T.J. Oshie wins face-off versus Nicholas Ritchie in KANSAS CITY KILLERBEES zone. 17:34 of 1st period - Shot by Jonas Brodin. 17:34 of 1st period - Shot Blocked by Nicholas Ritchie. 17:36 of 1st period - Shot by T.J. Oshie. 17:36 of 1st period - Shot Blocked by Nicholas Ritchie. 17:45 of 1st period - T.J. Oshie is hit by Haydn Fleury and loses puck. 18:03 of 1st period - Alexander Steen is hit by Haydn Fleury and loses puck. 18:21 of 1st period - Kevin Hayes is hit by Adam Larsson and loses puck. 19:21 of 1st period - Mark Stone is hit by David Backes. 19:23 of 1st period - Shot by Sean Couturier. 19:23 of 1st period - Shot Misses the Net. 19:25 of 1st period - Shot by Mark Stone. 19:25 of 1st period - Goal by Mark Stone - PHOENIX MUSTANGS : 2 - KANSAS CITY KILLERBEES : 1. 19:26 of 1st period - Paul Stastny wins face-off versus Nicholas Shore in neutral zone. 19:31 of 1st period - Shot by Paul Stastny. 19:31 of 1st period - Shot Misses the Net. 19:42 of 1st period - Icing by Paul Stastny. 19:43 of 1st period - Andrew Copp wins face-off versus Paul Stastny in KANSAS CITY KILLERBEES zone. 19:48 of 1st period - Shot by Andrew Copp. 19:48 of 1st period - Stopped by John Gibson without a rebound. 19:49 of 1st period - Kevin Hayes wins face-off versus Zach Hyman in KANSAS CITY KILLERBEES zone. Goals for this period are 2 for PHOENIX MUSTANGS vs 1 for KANSAS CITY KILLERBEES. Shots for this period are 9 for PHOENIX MUSTANGS vs 8 for KANSAS CITY KILLERBEES. 2nd period 0:01 of 2nd period - Andrew Copp wins face-off versus Nicholas Ritchie in neutral zone. 0:03 of 2nd period - Off-side. 0:04 of 2nd period - Nick Schmaltz wins face-off versus Andrew Copp in neutral zone. 0:07 of 2nd period - Drew Doughty is hit by Nicholas Ritchie and loses puck. 0:16 of 2nd period - Shot by Nick Schmaltz. 0:16 of 2nd period - Stopped by Corey Crawford without a rebound. 0:17 of 2nd period - Kevin Hayes wins face-off versus Sean Couturier in PHOENIX MUSTANGS zone. 0:17 of 2nd period - Kevin Hayes is hit by Mark Stone. 0:46 of 2nd period - Jacob Muzzin is hit by Kevin Hayes and loses puck. 2:16 of 2nd period - Icing by Adam Larsson. 2:17 of 2nd period - Christian Dvorak wins face-off versus Nicholas Ritchie in KANSAS CITY KILLERBEES zone. 2:46 of 2nd period - Shot by Tyler Ennis. 2:46 of 2nd period - Shot Misses the Net. 3:04 of 2nd period - Off-side. 3:05 of 2nd period - Andrew Copp wins face-off versus Sean Couturier in neutral zone. 3:12 of 2nd period - Shot by Clayton Keller. 3:12 of 2nd period - Shot Misses the Net. 3:14 of 2nd period - Shot by Drew Doughty. 3:14 of 2nd period - Shot Blocked by Cam Fowler. 3:16 of 2nd period - Shot by Andrew Copp. 3:16 of 2nd period - Deflect By T.J. Oshie. 3:16 of 2nd period - Goal by T.J. Oshie - PHOENIX MUSTANGS : 3 - KANSAS CITY KILLERBEES : 1. 3:17 of 2nd period - Sean Couturier wins face-off versus Nicholas Shore in neutral zone. 3:20 of 2nd period - Erik Karlsson is hit by Zach Hyman and loses puck. 3:52 of 2nd period - Icing by Erik Karlsson. 3:53 of 2nd period - Paul Stastny wins face-off versus Nicholas Shore in PHOENIX MUSTANGS zone. 4:15 of 2nd period - Icing by Erik Karlsson. 4:16 of 2nd period - Nicholas Shore wins face-off versus Nick Schmaltz in PHOENIX MUSTANGS zone. 4:28 of 2nd period - Icing by Haydn Fleury. 4:29 of 2nd period - Nick Schmaltz wins face-off versus Andrew Copp in KANSAS CITY KILLERBEES zone. 4:44 of 2nd period - Shot by T.J. Oshie. 4:44 of 2nd period - Goal by T.J. Oshie - PHOENIX MUSTANGS : 4 - KANSAS CITY KILLERBEES : 1. 4:44 of 2nd period - Mikhail Berdin enters game. 4:45 of 2nd period - Sean Couturier wins face-off versus Kevin Hayes in neutral zone. 5:59 of 2nd period - Shot by Andrew Copp. 5:59 of 2nd period - Shot Misses the Net. 7:04 of 2nd period - Shot by Jordan Greenway. 7:04 of 2nd period - Stopped by Mikhail Berdin without a rebound. 7:05 of 2nd period - Kevin Hayes wins face-off versus Paul Stastny in KANSAS CITY KILLERBEES zone. 7:06 of 2nd period - Shot by Jesper Fast. 7:06 of 2nd period - Stopped by Mikhail Berdin without a rebound. 7:07 of 2nd period - Paul Stastny wins face-off versus Kevin Hayes in KANSAS CITY KILLERBEES zone. 7:07 of 2nd period - Paul Stastny is hit by Kevin Hayes. 7:16 of 2nd period - Paul Stastny is hit by Fredrik Claesson and loses puck. 7:20 of 2nd period - Icing by Jesper Fast. 7:21 of 2nd period - Kevin Hayes wins face-off versus Oskar Sundqvist in PHOENIX MUSTANGS zone. 7:38 of 2nd period - Shot by Ryan Dzingel. 7:38 of 2nd period - Stopped by Corey Crawford without a rebound. 7:39 of 2nd period - Nick Schmaltz wins face-off versus T.J. Oshie in PHOENIX MUSTANGS zone. 7:45 of 2nd period - Minor Penalty to Nicholas Ritchie for Hooking. 7:46 of 2nd period - Clayton Keller wins face-off versus Riley Sheahan in KANSAS CITY KILLERBEES zone. 7:53 of 2nd period - Shot by Erik Karlsson. 7:53 of 2nd period - Shot Misses the Net. 7:55 of 2nd period - Shot by T.J. Oshie. 7:55 of 2nd period - Shot Misses the Net. 8:22 of 2nd period - Shot by T.J. Oshie. 8:22 of 2nd p